 Dungeon Crawl Stone Soup version 0.21.1-1-g345015f (webtiles) character file.

2005 equizz the Chopper (level 9, -1/67 (68) HPs)
             Began as a Human Fighter on Feb 14, 2018.
             Slain by SaintRoka's ghost (8 damage)
             ... on level 7 of the Dungeon on Feb 19, 2018.
             The game lasted 00:48:00 (5613 turns).

equizz the Chopper (Human Fighter)                  Turns: 5613, Time: 00:48:00

HP:   -1/67 (68)    AC: 19    Str: 18    XL:     9   Next: 45%
MP:   9/9           EV:  4    Int:  8    God:
Gold: 397           SH: 15    Dex: 15    Spells: 8/8 levels left

rFire    . . .     SeeInvis .   a - +1 war axe
rCold    . . .     Gourm    .   d - +0 large shield
rNeg     + . .     Faith    .   p - +0 chain mail
rPois    .         Spirit   .   n - +2 helmet
rElec    .         Reflect  .   (no cloak)
rCorr    .         Harm     .   l - +2 pair of gloves
MR       .....                  z - +0 pair of boots
Stlth    ..........             (no amulet)
HPRegen  0.21/turn              t - +2 ring of protection
MPRegen  0.11/turn              o - ring of positive energy

@: vulnerable
A: no striking features
a: no special abilities


You were on level 7 of the Dungeon.
You were not hungry.

You visited 1 branch of the dungeon, and saw 7 of its levels.

You collected 397 gold pieces.

Inventory:

Hand Weapons
 a - a +1 war axe (weapon)
 g - a +1 dagger of draining
 h - a +0 mace of protection
 r - a +0 long sword
 D - a +0 dagger of electrocution
Missiles
 y - 12 tomahawks (quivered)
Armour
 b - a +0 scale mail
 c - a +0 shield
 d - a +0 large shield (worn)
 j - a +0 animal skin
 l - a +2 pair of gloves (worn)
 n - a +2 helmet (worn)
 p - a +0 chain mail (worn)
 z - a +0 pair of boots (worn)
Jewellery
 o - a ring of positive energy (right hand)
 t - a +2 ring of protection (left hand)
Wands
 w - a wand of random effects (53)
 x - a wand of iceblast (4)
Scrolls
 e - 2 scrolls of identify
 s - a scroll of silence
 A - a scroll of remove curse
 B - a scroll of magic mapping
Potions
 i - a potion of brilliance
 k - 2 potions of agility
 q - a potion of resistance
 u - 2 potions of curing {unknown}
 v - 3 potions of haste {unknown}
Comestibles
 f - 3 rations


   Skills:
 + Level 5.1 Fighting
 + Level 7.9 Axes
 + Level 1.3 Throwing
 + Level 5.4 Armour
 + Level 2.4 Dodging
 + Level 0.8 Stealth
 + Level 6.2 Shields


You had 8 spell levels left.
You didn't know any spells.

Dungeon Overview and Level Annotations

Branches:
Dungeon (7/15)
 Temple: D:4-7

Altars:
Hepliaklqana
Kikubaaqudgha
Nemelex Xobeh
Sif Muna
Trog
Uskayaw
Vehumet

Annotations:
D:7 SaintRoka's ghost, novice OgGl


Message History

* * * LOW HITPOINT WARNING * * *
You hear a shout!
The crimson imp hits you but does no damage.
SaintRoka's ghost hits you.
* * * LOW HITPOINT WARNING * * *
You slash SaintRoka's ghost!
SaintRoka's ghost is moderately damaged.
You hit the crimson imp. The gnoll hits you but does no damage.
You block the crimson imp's attack.
SaintRoka's ghost hits you but does no damage.
The gnoll hits you but does no damage.
You hit SaintRoka's ghost but do no damage.
SaintRoka's ghost is moderately damaged.
You closely miss the crimson imp. You block the crimson imp's attack.
You block SaintRoka's ghost's attack. The gnoll hits you but does no damage.
You slash SaintRoka's ghost!
SaintRoka's ghost is heavily damaged.
You slash the crimson imp! You block the crimson imp's attack.
SaintRoka's ghost hits you!
You die...

........... ..........
........ ###### ...(...
.....# #.##g. ....# #.##g#
.$..##
####.##.#########....#.##
#...>.†.....5@Wggg.......
.........#)#########g#..###
####.###.#[# #.#..# #.
#.#g### #.#..# #. #...#.#
#g#..#
#.###.#...#######g#..#
......#.#g#.#....g...#
#.###.....#...####..#######.
.....#...#.................


You could see SaintRoka's ghost, 4 gnolls and a crimson imp.

Vanquished Creatures
  Grinder (D:4)
  Menkaure (D:4)
  Duvessa (D:7)
  An ice beast (D:5)
  A sky beast (D:6)
  A necrophage (D:5)
  2 ogres
  3 centaurs
  2 bullfrogs (D:6)
  The ghost of sankara the Sneak, an amateur SpEn (D:3)
  Dowan (D:7)
  A scorpion (D:4)
  An orc priest (D:5)
  2 hounds
  2 jellies
  An iguana (D:4)
  Natasha (thrice) (D:3)
  Ijyb (D:3)
  A worker ant (D:7)
  A worker ant zombie (D:5)
  Robin (D:4)
  8 adders
  6 gnolls
  A river rat (D:4)
  A shadow imp (D:6)
  An ooze (D:3)
  An adder skeleton (D:6)
  An adder zombie (D:6)
  5 worms
  4 dart slugs
  5 leopard geckos
  9 orcs
  A ball python (D:4)
  2 bats
  2 giant cockroaches
  10 goblins
  7 hobgoblins
  7 jackals
  11 kobolds
  A quokka (D:2)
  2 frilled lizards (D:2)
  A jackal zombie (D:5)
  A quokka zombie (D:5)
  13 rats
129 creatures vanquished.

Notes
Turn   | Place    | Note
-------+----------+-------------------------------------------
     0 | D:1      | equizz the Human Fighter began the quest for the Orb.
     0 | D:1      | Reached XP level 1. HP: 18/18 MP: 1/1
    53 | D:1      | Reached XP level 2. HP: 17/24 MP: 2/2
   265 | D:1      | Reached XP level 3. HP: 29/29 MP: 3/3
   766 | D:2      | Found an ancient bone altar of Kikubaaqudgha.
  1029 | D:2      | Reached XP level 4. HP: 35/35 MP: 4/4
  1173 | D:2      | Reached skill level 3 in Axes
  1297 | D:2      | Reached skill level 1 in Dodging
  1326 | D:3      | Noticed Natasha
  1338 | D:3      | Killed Natasha
  1338 | D:3      | Reached XP level 5. HP: 41/41 MP: 5/5
  1391 | D:3      | Noticed Natasha
  1422 | D:3      | Killed Natasha
  1656 | D:3      | Noticed sankara's ghost (amateur SpEn)
  1963 | D:3      | Noticed Natasha
  2002 | D:3      | Killed sankara's ghost
  2002 | D:3      | Reached skill level 4 in Axes
  2002 | D:3      | Reached XP level 6. HP: 47/48 MP: 6/6
  2007 | D:3      | Killed Natasha
  2085 | D:3      | Found a radiant altar of Vehumet.
  2125 | D:3      | Noticed Ijyb
  2167 | D:3      | Killed Ijyb
  2759 | D:4      | Noticed Grinder
  2763 | D:4      | Paralysed by Grinder for 5 turns
  2812 | D:4      | Paralysed by Grinder for 7 turns
  2824 | D:4      | Paralysed by Grinder for 2 turns
  2829 | D:4      | Paralysed by Grinder for 5 turns
  2835 | D:4      | Killed Grinder
  2835 | D:4      | Reached skill level 5 in Axes
  2835 | D:4      | Reached XP level 7. HP: 9/54 MP: 7/7
  3162 | D:4      | Noticed Robin
  3180 | D:4      | Killed Robin
  3180 | D:4      | Reached XP level 8. HP: 57/60 MP: 8/8
  3381 | D:4      | Found a hazy altar of Hepliaklqana.
  3390 | D:4      | Found a deep blue altar of Sif Muna.
  3422 | D:4      | Noticed Menkaure
  3442 | D:4      | Killed Menkaure
  3442 | D:4      | Reached skill level 6 in Axes
  3442 | D:4      | Reached skill level 1 in Throwing
  3792 | D:5      | Entered Level 5 of the Dungeon
  4512 | D:5      | Reached skill level 5 in Armour
  4512 | D:5      | Reached skill level 5 in Shields
  4892 | D:6      | Reached skill level 7 in Axes
  4979 | D:6      | Reached XP level 9. HP: 47/65 MP: 9/9
  5033 | D:6      | Found a bloodstained altar of Trog.
  5035 | D:6      | Found a hide-covered altar of Uskayaw.
  5038 | D:6      | Found a sparkling altar of Nemelex Xobeh.
  5146 | D:6      | Reached skill level 5 in Fighting
  5504 | D:7      | Noticed Dowan
  5505 | D:7      | Noticed Duvessa
  5522 | D:7      | Killed Duvessa
  5529 | D:7      | Killed Dowan
  5545 | D:7      | Noticed SaintRoka's ghost (novice OgGl)
  5613 | D:7      | Slain by SaintRoka's ghost

Skill      XL: |  1  2  3  4  5  6  7  8  9 |
---------------+----------------------------+-----
Axes           | 3 4 5 7 |  7.9
Dodging        | 1 2 |  2.4
Armour         | 4 5 |  5.4
Fighting       | 4 5 |  5.1
Shields        | 4 5 6 |  6.2
Throwing       | 1 |  1.3
Stealth        | |  0.8

Action                   |  1- 3 |  4- 6 |  7- 9 || total
-------------------------+-------+-------+-------++-------
Melee: War axe           |    92 |   190 |   273 ||   555
Throw: Tomahawk          |       |     6 |    10 ||    16
Evoke: Wand              |       |       |     1 ||     1
  Use: Scroll            |       |     8 |     9 ||    17
       Potion            |       |     4 |     2 ||     6
  Eat: Ration            |       |     2 |     3 ||     5
Armor: Scale mail        |    57 |    84 |    31 ||   172
       Chain mail        |       |       |    90 ||    90
Dodge: Dodged            |    30 |    44 |    49 ||   123
Block: Shield            |    43 |    37 |       ||    80
       Large shield      |       |    45 |   219 ||   264
